 Dungeon Crawl Stone Soup version 0.22.1-2-g9c5b331383 (webtiles) character file.

17021 Peloso the Carver (level 12, 0/108 HPs)
             Began as a Minotaur Fighter on Dec 23, 2018.
             Was a High Priest of Okawaru.
             Slain by an ice devil (6 damage)
             ... in an ice cave.
             The game lasted 00:30:04 (10724 turns).

Peloso the Carver (Minotaur Fighter)               Turns: 10724, Time: 00:30:05

Health: 0/108      AC: 17    Str: 24    XL:     12   Next: 15%
Magic:  9/11       EV: 11    Int:  5    God:    Okawaru [*****.]
Gold:   111        SH: 15    Dex: 12    Spells: 11/11 levels left

rFire    x . .     SeeInvis .   a - +0 long sword
rCold    + . .     Gourm    .   c - +0 shield
rNeg     . . .     Faith    .   n - +0 plate armour
rPois    .         Spirit   .   (helmet restricted)
rElec    .         Reflect  .   (no cloak)
rCorr    .         Harm     .   (no gloves)
MR       .....                  (no boots)
Stlth    ..........             u - amulet of regeneration
HPRegen  0.68/turn              (no ring)
MPRegen  0.12/turn              I - ring of ice

@: heroism
A: retaliatory headbutt, horns 2
a: Heroism, Finesse, Renounce Religion


You were in an ice cave.
You worshipped Okawaru.
Okawaru was extremely pleased with you.
You were hungry.

You visited 4 branches of the dungeon, and saw 14 of its levels.
You also visited: Ice Cave.

You collected 622 gold pieces.
You spent 511 gold pieces at shops.

Inventory:

Hand Weapons
 a - a +0 long sword (weapon)
 B - a +0 dagger of flaming
Armour
 b - a +0 scale mail
 c - a +0 shield (worn)
 n - a +0 plate armour (worn)
Jewellery
 h - an uncursed ring of fire
 s - an uncursed amulet of rage
 u - an amulet of regeneration (around neck)
 H - an uncursed amulet of magic regeneration
 I - a ring of ice (right hand)
 N - the ring of Jaysooss {Fire rElec MR- Dex-5 Slay+5}
   (You found it on level 7 of the Dungeon)

   [ring of fire]

   It enhances your fire magic.
   It affects your dexterity (-5).
   It affects your accuracy and damage with ranged weapons and melee attacks
   (+5).
   It protects you from fire.
   It makes you vulnerable to cold.
   It insulates you from electricity.
   It affects your resistance to hostile enchantments.
Wands
 x - a wand of random effects (25)
 y - a wand of flame (47)
 E - a wand of acid (4)
 G - a wand of iceblast (7)
 K - a wand of polymorph (5)
 M - a wand of digging (13)
Scrolls
 e - a scroll of noise
 j - 4 scrolls of blinking
 m - 2 scrolls of remove curse
 p - 4 scrolls of enchant armour {unknown}
 q - a scroll of fear
 v - 6 scrolls of teleportation
 w - 2 scrolls of immolation {unknown}
 C - a scroll of brand weapon
 D - 4 scrolls of amnesia {unknown}
 J - a scroll of fog
 L - a scroll of holy word
 O - a scroll of enchant weapon
Potions
 d - 3 potions of might
 i - 3 potions of flight
 k - a potion of magic {unknown}
 l - 2 potions of haste
 o - a potion of curing
 r - a potion of invisibility
 z - a potion of resistance
 F - 2 potions of cancellation
Comestibles
 f - 23 rations


   Skills:
 + Level 10.7(15.7) Fighting
 + Level 0.3(13.1) Short Blades
 + Level 13.4(18.4) Long Blades
 + Level 11.0(16.0) Armour
 + Level 3.4(8.4) Dodging
 + Level 1.4(6.4) Stealth
 + Level 12.5(17.5) Shields
 + Level 1.2 Invocations


You had 11 spell levels left.
You didn't know any spells.
Your spell library contained the following spells:

 Spells                   Type           Power        Failure   Level  Hunger
 Confusing Touch          Hex            #.....       98%         1    ##.....
 Corona                   Hex            #......      98%         1    ##.....
 Ensorcelled Hibernation  Hex/Ice        #.....       99%         2    ###....
 Confuse                  Hex            #.......     100%        3    ####...
 Dazzling Spray           Conj/Hex       #.....       100%        3    ####...
 Gell's Gravitas          Tloc           #.........   100%        3    ####...
 Tukima's Dance           Hex            #.......     100%        3    ####...
 Petrify                  Tmut/Erth      #.......     100%        4    #####..
 Metabolic Englaciation   Hex/Ice        #.........   100%        5    ######.
 Yara's Violent Unravell  Hex/Tmut       #.........   100%        5    ######.


Dungeon Overview and Level Annotations

Branches:
Dungeon (11/15)            Temple (1/1) D:7            Lair (1/6) D:9
    Orc (1/2) D:11

Altars:
Ashenzari
Cheibriados
Dithmenos
Elyvilon
Fedhas
Gozag
Hepliaklqana
Makhleb
Nemelex Xobeh
Okawaru
Qazlal
Ru
Sif Muna
Trog
Uskayaw
Xom
Yredelemnul
The Shining One
Beogh

Shops:
D:9 ?


Innate Abilities, Weirdness & Mutations

You reflexively headbutt those who attack you in melee.
You have a pair of horns on your head.


Message History

Unknown command.
You hit the ice devil but do no damage. Your headbutt misses the ice devil.
The ice devil is moderately wounded.
The ice devil hits you but does no damage.
You block the ice devil's attack. The ice devil hits you!
The ice devil freezes you! You resist.
* * * LOW HITPOINT WARNING * * *
Unknown command.
You hit the ice devil.
You headbutt the ice devil, but do no damage.
The ice devil is moderately wounded.
The ice devil hits you!
* * * LOW HITPOINT WARNING * * *
The ice devil freezes you! You resist.
* * * LOW HITPOINT WARNING * * *
You block the ice devil's attack. The ice devil hits you.
* * * LOW HITPOINT WARNING * * *
The ice devil freezes you. You resist.
You die...

#§§.# ...##..###### ##.......≈
#§.### ...........#.###.........
##...##)..##.........#..........
##...## ######...............
##...### ####............
###§§§###### ###..........
##§§§§.§.#### ###.#....#.
#§§§§§§§444.### ####..###
#§§.§§§§§§##@...# #..##
#§..≈§.####§.##.....# ##..##
#§§§.§.§# ......#....# ##..#
.§§§§§§## §....### ...# ##...#
§§§§§§# ....## ..# ##...##
..§§§§ §.#... ## #...## #...##
##...# ##...##


You could see 3 ice devils.

Vanquished Creatures
  2 hydras
  2 two-headed ogres
  Urug (D:10)
  An unseen horror (D:11)
  Pikel (D:4)
  The ghost of Goodini51 the Cleaver, a novice GrFi of Okawaru (D:7)
  An ugly thing (D:11)
  2 ice statues (IceCv)
  A spiny frog (Lair:1)
  2 rime drakes (Lair:1)
  4 ice devils (IceCv)
  A tengu conjurer (D:11)
  2 trolls
  3 blink frogs (Lair:1)
  3 hippogriffs
  A spriggan (D:7)
  9 yaks
  A wyvern (D:10)
  Grum (D:10)
  Menkaure (D:4)
  4 ice beasts
  4 orc warriors
  3 slaves
  5 sky beasts
  A black bear (D:10)
  An eye of draining (D:9)
  A phantom (D:9)
  7 ogres
  2 necrophages (D:9)
  6 centaurs
  4 wolves (D:10)
  2 big kobolds
  Blork the orc (D:4)
  4 bullfrogs
  3 scorpions
  4 howler monkeys
  7 wights
  6 crimson imps
  A centaur zombie (D:7)
  A centaur skeleton (D:4)
  5 hounds
  2 jellies
  9 orc wizards
  A bullfrog skeleton (D:11)
  8 orc priests
  Jessica (D:3)
  6 iguanas
  8 worker ants
  A bullfrog simulacrum (D:7)
  A hound zombie (D:9)
  2 hound skeletons (D:4)
  A howler monkey zombie (D:8)
  9 adders
  A shadow imp (D:7)
  9 white imps
  2 oozes
  5 ufetubi (IceCv)
  2 adder skeletons (D:4)
  3 worms
  An adder simulacrum (D:7)
  4 dart slugs
  8 leopard geckos
  39 orcs
  4 ball pythons (D:2)
  4 giant cockroaches
  4 goblins
  6 hobgoblins
  10 jackals
  10 quokkas
  9 bats
  5 frilled lizards
  16 kobolds
  A leopard gecko simulacrum (D:7)
  5 rats
309 creatures vanquished.

Vanquished Creatures (others)
  3 white imps (IceCv)
  An ufetubus (IceCv)
4 creatures vanquished.

Grand Total: 313 creatures vanquished

Notes
Turn   | Place    | Note
-------+----------+-------------------------------------------
     0 | D:1      | Peloso the Minotaur Fighter began the quest for the Orb.
     0 | D:1      | Reached XP level 1. HP: 19/19 MP: 0/0
   352 | D:1      | Reached XP level 2. HP: 27/27 MP: 1/1
   727 | D:2      | Reached XP level 3. HP: 33/33 MP: 2/2
   756 | D:2      | Reached skill level 3 in Long Blades
   897 | D:2      | Found a hide-covered altar of Uskayaw.
  1058 | D:2      | Reached XP level 4. HP: 22/41 MP: 3/3
  1073 | D:2      | Found a sparkling altar of Nemelex Xobeh.
  1366 | D:2      | Found a deep blue altar of Sif Muna.
  1511 | D:3      | Reached skill level 5 in Armour
  1511 | D:3      | Reached XP level 5. HP: 38/47 MP: 4/4
  1615 | D:3      | Noticed Jessica
  1622 | D:3      | Killed Jessica
  1622 | D:3      | Reached skill level 4 in Long Blades
  2021 | D:4      | Reached XP level 6. HP: 18/55 MP: 5/5
  2110 | D:4      | Reached skill level 5 in Long Blades
  2110 | D:4      | Reached skill level 5 in Shields
  2137 | D:4      | Reached skill level 5 in Fighting
  2268 | D:4      | Noticed Menkaure
  2285 | D:4      | Killed Menkaure
  2285 | D:4      | Reached skill level 6 in Long Blades
  2285 | D:4      | Reached XP level 7. HP: 34/61 MP: 6/6
  2520 | D:4      | Noticed Blork the orc
  2533 | D:4      | Killed Blork the orc
  2742 | D:5      | Entered Level 5 of the Dungeon
  2835 | D:4      | Reached skill level 1 in Dodging
  3020 | D:5      | Noticed Pikel
  3089 | D:4      | Killed Pikel
  3089 | D:4      | Reached skill level 8 in Long Blades
  3089 | D:4      | Reached XP level 8. HP: 59/70 MP: 7/7
  3538 | D:5      | Found a blossoming altar of Fedhas.
  3784 | D:6      | Reached skill level 9 in Long Blades
  3892 | D:6      | Found a shattered altar of Ashenzari.
  3992 | D:6      | Reached XP level 9. HP: 65/78 MP: 8/8
  4559 | D:7      | Reached skill level 10 in Long Blades
  4756 | D:7      | Found a runed gate.
  4757 | D:7      | Found a runed gate.
  4789 | D:7      | Noticed Goodini51's ghost (novice GrFi)
  4813 | D:7      | Found a runed gate.
  5094 | D:7      | Found a staircase to the Ecumenical Temple.
  5102 | Temple   | Entered the Ecumenical Temple
  5191 | Temple   | Became a worshipper of Warmaster Okawaru
  5522 | D:8      | Reached skill level 11 in Long Blades
  5544 | D:8      | Reached XP level 10. HP: 86/88 MP: 9/9
  5583 | D:8      | Found a glowing golden altar of the Shining One.
  5706 | D:8      | Reached * piety under Okawaru
  5717 | D:8      | Found a hazy altar of Hepliaklqana.
  5770 | D:8      | Noticed a two-headed ogre
  5778 | D:8      | Killed a two-headed ogre
  5836 | D:8      | Found a sacrificial altar of Ru.
  5836 | D:8      | Found a stormy altar of Qazlal.
  5837 | D:8      | Found an opulent altar of Gozag.
  6316 | D:9      | Reached ** piety under Okawaru
  6335 | D:9      | Found a staircase to the Lair.
  6373 | D:9      | Found Ehirid's Magic Scroll Boutique.
  6376 | D:9      | Bought a scroll of brand weapon for 280 gold pieces
  6376 | D:9      | Bought a scroll of teleportation for 42 gold pieces
  6553 | D:9      | Noticed a two-headed ogre
  6565 | D:9      | Killed a two-headed ogre
  6565 | D:9      | Reached skill level 12 in Long Blades
  6599 | D:9      | Reached skill level 10 in Shields
  6829 | D:10     | Entered Level 10 of the Dungeon
  6897 | D:10     | Noticed Grum
  6939 | D:10     | Killed Grum
  6944 | D:10     | Reached *** piety under Okawaru
  7297 | D:10     | Noticed Urug
  7319 | D:10     | Killed Urug
  7319 | D:10     | Reached XP level 11. HP: 23/97 MP: 8/10
  7809 | D:10     | Reached **** piety under Okawaru
  8113 | D:11     | Found a staircase to the Orcish Mines.
  8116 | D:11     | Found a roughly hewn altar of Beogh.
  8117 | D:11     | Noticed a five-headed hydra
  8144 | D:11     | Killed a five-headed hydra
  8660 | D:11     | Noticed a cyan ugly thing
  8678 | D:11     | Killed a cyan ugly thing
  8766 | D:11     | Reached skill level 13 in Long Blades
  8942 | D:11     | Killed an unseen horror
  8942 | D:11     | Reached skill level 10 in Armour
  9138 | Orc:1    | Entered Level 1 of the Orcish Mines
  9327 | D:7      | Killed Goodini51's ghost
  9327 | D:7      | Reached skill level 10 in Fighting
  9328 | D:7      | Reached skill level 1 in Invocations
  9372 | D:7      | Got the ring of Jaysooss {Fire}
  9374 | D:7      | Identified the ring of Jaysooss {Fire rElec MR- Dex-5
                  | Slay+5} (You found it on level 7 of the Dungeon)
 10010 | D:9      | Bought a scroll of enchant weapon for 105 gold pieces
 10010 | D:9      | Bought a scroll of identify for 28 gold pieces
 10010 | D:9      | Bought a scroll of identify for 28 gold pieces
 10010 | D:9      | Bought a scroll of identify for 28 gold pieces
 10055 | Lair:1   | Entered Level 1 of the Lair of Beasts
 10087 | Lair:1   | Noticed a four-headed hydra
 10125 | Lair:1   | Killed a six-headed hydra
 10136 | Lair:1   | Reached skill level 1 in Stealth
 10140 | Lair:1   | Reached ***** piety under Okawaru
 10152 | Lair:1   | HP: 2/101 [yak (7)]
 10198 | Lair:1   | Found a frozen archway.
 10214 | Lair:1   | Reached XP level 12. HP: 39/108 MP: 11/11
 10276 | IceCv    | Entered an ice cave
 10724 | IceCv    | Slain by an ice devil

Skill      XL: |  1  2  3  4  5  6  7  8  9 10 11 12 |
---------------+-------------------------------------+-----
Shields        | 4 5 6 7 9 10 12 | 12.5
Armour         | 4 5 6 7 8 9 10 11 | 11.0
Fighting       | 4 5 6 7 9 10 | 10.7
Long Blades    | 3 4 6 8 9 11 12 13 | 13.4
Dodging        | 1 2 3 |  3.4
Invocations    | 1 |  1.2
Stealth        | 1 |  1.4
Short Blades   | |  0.3

Action                   |  1- 3 |  4- 6 |  7- 9 | 10-12 || total
-------------------------+-------+-------+-------+-------++-------
Melee: Long sword        |    74 |   166 |   460 |   626 ||  1326
       Headbutt          |    12 |    40 |    86 |   187 ||   325
       Dagger            |       |       |       |    21 ||    21
Invok: Heroism           |       |       |       |    14 ||    14
  Use: Scroll            |       |       |     8 |     9 ||    17
       Potion            |       |       |       |     8 ||     8
  Eat: Chunk             |       |     5 |    11 |    13 ||    29
       Ration            |       |       |       |     1 ||     1
Armor: Scale mail        |    42 |       |       |       ||    42
       Plate armour      |    17 |   112 |   186 |   320 ||   635
Dodge: Dodged            |    31 |    28 |    66 |   158 ||   283
Block: Shield            |    45 |   105 |   204 |   421 ||   775
       Rpst.: Long sword |     5 |    10 |    17 |    28 ||    60
